 Dungeon Crawl Stone Soup version 0.30-a0-760-g5a9884bb7c (webtiles) character file.

Game seed: 13778070816224392738

96 Sabo the Digger (level 4, -5/27 HPs)
             Began as an Octopode Earth Elementalist on Feb 10, 2023.
             Slain by an orc
             ... wielding a +0 trident
              (8 damage)
             ... on level 3 of the Dungeon.
             The game lasted 00:12:20 (2689 turns).

Sabo the Digger (Octopode Earth Elementalist)       Turns: 2689, Time: 00:12:21

Health: -5/27      AC:  1    Str:  7    XL:     4   Next: 67%
Magic:  4/9        EV: 12    Int: 19    God:
Gold:   133        SH:  3    Dex: 12    Spells: 9/10 levels left

rFire   . . .      SeeInvis +    g - +3 hand axe
rCold   . . .      Faith    .    c - +0 buckler
rNeg    . . .      Spirit   .    (helmet restricted)
rPois   .          Reflect  .    (no amulet)
rElec   .          Harm     .    b - ring of see invisible
rCorr   .          Rampage  .    (no ring)
Will    .....                    (no ring)
Stlth   +++                      (no ring)
HPRegen 0.24/turn                (no ring)
MPRegen 0.11/turn                (no ring)
                                 (no ring)
                                 (no ring)

@: no status effects
A: almost no armour, amphibious, 8 rings, camouflage 1, gelatinous body 1,
(nimble swimmer 1), tentacles
a: no special abilities


You were on level 3 of the Dungeon.
You visited 1 branch of the dungeon, and saw 3 of its levels.

You collected 133 gold pieces.

Inventory:

Hand Weapons
 g - a +3 hand axe (weapon)
Missiles
 f - 5 poisoned darts (quivered)
Armour
 c - a +0 buckler (worn)
Jewellery
 b - a ring of see invisible (left tentacle)
Scrolls
 d - a scroll of identify {unknown}
 e - a scroll of teleportation {unknown}
 h - a scroll of enchant armour {unknown}
 i - a scroll of magic mapping {unknown}
 j - a scroll of vulnerability {unknown}
Potions
 a - a potion of magic
 k - a potion of ambrosia {unknown}


   Skills:
 + Level 0.2 Polearms
 + Level 2.2 Dodging
 + Level 3.3 Stealth
 + Level 3.5 Spellcasting
 + Level 1.0 Transmutations
 + Level 3.6 Earth Magic


You had 9 spell levels left.
You knew the following spells:

 Your Spells              Type           Power      Damage    Failure   Level
a - Sandblast             Erth           34%        2d9       4%          1

Your spell library contained the following spells:

 Spells                   Type           Power      Damage    Failure   Level
 Passwall                 Tmut/Erth      10%        N/A       12%         2
 Stone Arrow              Conj/Erth      20%        3d8       28%         3
 Cigotuvi's Dreadful Rot  Necr/Pois/Air  6%         N/A       30%         2
 Ensorcelled Hibernation  Hex/Ice        6%         N/A       30%         2
 Poisonous Vapours        Pois/Air       6%         N/A       30%         2
 Mephitic Cloud           Conj/Pois/Air  3%         N/A       52%         3
 Swiftness                Air            3%         N/A       52%         3
 Petrify                  Tmut/Erth      12%        N/A       58%         4
 Dispel Undead            Necr           3%         3d7       89%         4
 Death Channel            Necr           1%         N/A       100%        6


Dungeon Overview and Level Annotations

Branches:
Dungeon (3/15)

Altars:


Innate Abilities, Weirdness & Mutations

You cannot wear most types of armour.
You are amphibious.
You can wear up to eight rings at the same time.
Your skin changes colour to match your surroundings (Stealth+).
Your rubbery body absorbs attacks. (AC +1, EV +1)
((You are camouflaged when in or above water. (Stealth+)))
You have tentacles for arms and can constrict up to eight enemies at once.


Message History

You are confused.
The orc misses you.
You're too confused to cast spells.
Unknown command.
Unknown command.
You're too confused to cast spells.
Unknown command.
You're too confused to cast spells.
Unknown command.
Unknown command.
The orc wizard mumbles some strange words.
The orc wizard flickers and vanishes for a moment.
You're too confused to cast spells.
Unknown command.
Unknown command.
You're too confused to cast spells.
Unknown command.
Unknown command.
The orc wizard attacks as you move away!
The orc wizard barely misses you.
You feel less confused.
The orc wizard hits you with a +0 dagger.
* * * LOW HITPOINT WARNING * * *
Casting: Sandblast (safe; 4% risk of failure)
Confirm with . or Enter, or press ? or * to list all spells.
Aiming: Sandblast (safe; 4% risk of failure)
Press: ? - help, Shift-Dir - straight line, f/p - orc
Aim: an orc, wielding a +0 trident and wearing a +0 ring mail (84% to hit)
The blast of sand hits the orc wizard.
The orc wizard is moderately wounded.
The orc hits you but does no damage.
Casting: Sandblast (safe; 4% risk of failure)
Confirm with . or Enter, or press ? or * to list all spells.
Aiming: Sandblast (safe; 4% risk of failure)
Press: ? - help, Shift-Dir - straight line, f - orc wizard, p - orc
Aim: an orc wizard, wielding a +0 dagger and wearing a +0 robe (moderately wounded, slightly transparent, 77% to hit)
The blast of sand hits the orc wizard.
The orc wizard is moderately wounded.
The orc hits you from afar with a +0 trident!
You die...

....####.......#...
....###..........#
..........†.....#
##.............)# .
#..............# ..
#..............# [..
#..............## ....
#.......†.......### .....
#....†.........@.o##......
#..............o...)....>.
......#.........##..#......
.######.........###.# ####.
. ##.......## #.# ##.....##
#>. ####### ####


You could see an orc wizard (invisible) and an orc.

Vanquished Creatures
  3 adders (D:2)
  2 dart slugs (D:1)
  An orc (D:3)
  2 ball pythons (D:2)
  3 bats
  7 endoplasms
  3 giant cockroaches
  4 goblins
  4 hobgoblins
  6 jackals (D:1)
  4 quokkas (D:1)
  5 frilled lizards
  8 kobolds
  6 rats
58 creatures vanquished.

Notes
Turn   | Place    | Note
-------+----------+-------------------------------------------
     0 | D:1      | Sabo the Octopode Earth Elementalist began the quest for
                  | the Orb.
     0 | D:1      | Reached XP level 1. HP: 11/11 MP: 3/3
   344 | D:1      | Reached XP level 2. HP: 16/17 MP: 3/5
   826 | D:1      | Reached XP level 3. HP: 20/21 MP: 3/6
  1263 | D:2      | HP: 1/21 [poisoned by an adder]
  1661 | D:2      | Reached XP level 4. HP: 27/27 MP: 6/8
  2689 | D:3      | Slain by an orc

Illustrated notes

Levels and vault maps discovered:
D:1:      minmay_arrival_diagonal_passages, layout_basic
D:2:      layout_basic, hangedman_decor_riveting, minmay_crystal_room,
          minmay_box_of_dots
D:3:      layout_rooms, serial_shops, nicolae_shop_stone

Skill      XL: |  1  2  3 |
---------------+----------+-----
Stealth        | 3 |  3.3
Spellcasting   | 3 |  3.5
Polearms       | |  0.2
Dodging        | |  2.2
Transmutations | |  1.0
Earth Magic    | |  3.6

Action                     |  1- 3 |  4- 6 || total
---------------------------+-------+-------++-------
  Melee: Spear             |    10 |       ||    10
         Tentacles         |     3 |     1 ||     4
         Constrict         |     2 |     1 ||     3
         Punch             |     1 |       ||     1
         Hand axe          |       |     6 ||     6
   Cast: Sandblast         |    48 |    24 ||    72
    Use: Potion            |     1 |       ||     1
 Armour: Skin              |     1 |     2 ||     3
  Dodge: Dodged            |    16 |    10 ||    26
  Block: Buckler           |       |     2 ||     2

Table legend: (Time is in decaauts)
 A = Elapsed time spent in this place.
 B = Non-inter-level travel time spent in this place.
 C = Inter-level travel time spent in this place.
 D = Time resting spent in this place.
 E = Time spent auto-exploring this place.
 F = Levels seen in this place.
 G = Mean time per level.
                   A        B        C        D        E       F      G
               +--------+--------+--------+--------+--------+-----+--------+
         Total |   2725 |   2725 |      0 |    762 |      0 |   3 |  908.3 |
       Dungeon |   2725 |   2725 |      0 |    762 |      0 |   3 |  908.3 |
               +--------+--------+--------+--------+--------+-----+--------+

Top non-repeatable levels by time:
     D:2: 1285 daAuts
     D:1: 1271 daAuts
     D:3: 168 daAuts
